Map: Ascension to Aiur LE

Players

Richard - Winner!

  • Race: Zerg Zerg
  • League: Master
  • Spawn Location: 11:00

A.I. 1 (Very Easy)

  • Race: Protoss Protoss
  • Spawn Location: 5:00

VOD

Have the link to the VOD?

Description

Player vs AI, +1 Melee Speedling Ravager vs Protoss

Time

  • Played on: June 10, 2017, 2:54 p.m.
  • Length: 7:54
Show
View Real Time Build Order
Export as new Build Order

Richard Zerg - Winner!

Build Orders: Hatch First 

Get SALT Encoding   

  12  0:01  Drone  
  13  0:12  Overlord  
  13  0:17  Drone  
  14  0:31  Drone x2  
  14  0:34  Drone  
  17  0:53  Hatchery  
  17  0:56  Drone  
  17  1:00  Drone  
  17  1:04  Extractor  
  17  1:17  Spawning Pool  
  16  1:19  Drone  
  16  1:24  Drone  
  18  1:28  Drone  
  19  1:39  Overlord  
  19  2:04  Metabolic Boost, Queen  
  19  2:06  Queen  
  19  2:07  Zergling x2  
  19  2:08  Zergling x2  
  25  2:16  Drone x2  
  25  2:18  Drone  
  25  2:22  Drone  
  29  2:27  Drone  
  30  2:33  Drone  
  31  2:46  Hatchery, Drone  
  31  2:51  Zergling x4  
  33  3:02  Overlord  
  34  3:05  Drone x2  
  34  3:10  Drone  
  35  3:14  Drone  
  35  3:19  Overlord  
  36  3:20  Queen  
  38  3:27  Drone x2  
  38  3:30  Overlord  
  40  3:36  Roach Warren, Drone x2  
  40  3:37  Drone  
  40  3:39  Drone  
  43  3:42  Drone  
  43  3:45  Extractor  
  43  3:48  Extractor  
  42  3:55  Queen, Drone x2  
  44  3:59  Overlord  
  46  4:03  Spore Crawler, Drone  
  46  4:11  Spore Crawler, Drone  
  46  4:13  Drone x2  
  46  4:14  Drone  
  50  4:17  Drone  
  50  4:19  Drone  
  51  4:24  Lair  
  51  4:28  Evolution Chamber  
  51  4:30  Drone  
  51  4:33  Drone  
  51  4:35  Drone  
  53  4:38  Spore Crawler  
  53  4:40  Drone x2  
  53  4:43  Drone  
  53  4:44  Drone  
  56  4:49  Drone x2  
  56  4:51  Overlord  
  58  4:55  Overlord  
  58  5:00  Zerg Melee Weapons Level 1  
  58  5:06  Roach x3  
  64  5:10  Roach  
  64  5:11  Roach  
  68  5:18  Roach x3  
  74  5:21  Overlord  
  74  5:27  Overseer  
  74  5:31  Roach x4  
  82  5:37  Overlord  
  82  5:38  Overlord  
  82  5:43  Zergling x10  
  87  5:51  Zergling x6  
  87  5:53  Overlord x2  
  90  6:00  Zergling x10  
  90  6:03  Zergling x4  
  90  6:04  Zergling x2  
  98  6:10  Overlord  
  99  6:11  Zergling x6  
  99  6:12  Zergling x2  
  99  6:16  Zergling x4  
  99  6:17  Zergling x2  
  105  6:25  Ravager x5  
  109  6:26  Ravager x4  
  109  6:28  Zergling x8  
  109  6:31  Zergling x2  
  109  6:32  Zergling x2  
  120  6:38  Ravager  
  121  6:47  Overlord x2  
  121  6:49  Ravager  
  121  6:50  Ravager  
  121  6:51  Zergling x4  
  121  6:52  Zergling x10  
  130  7:05  Baneling Nest, Drone  
  130  7:09  Zergling x8  
  132  7:16  Zergling x10  
  132  7:17  Zergling x8  
  132  7:19  Overlord  
  141  7:31  Drone x4  
  145  7:38  Drone x2  
  145  7:42  Hatchery  
Show
View Real Time Build Order
Export as new Build Order

A.I. 1 (Very Easy) Protoss 

Build Orders: 1 Gate Expand, Nexus First 

Get SALT Encoding   

  12  0:01  Probe (Chrono Boost)  
  13  0:11  Probe (Chrono Boost)  
  14  0:20  Pylon  
  14  0:43  Gateway  
  14  1:00  Nexus  
  14  1:19  Pylon  
  14  1:23  Assimilator  
  14  1:28  Zealot  
  16  1:35  Cybernetics Core  
  16  1:37  Probe (Chrono Boost)  
  17  1:48  Probe (Chrono Boost)  
  18  1:59  Assimilator, Probe (Chrono Boost)  
  19  2:10  Probe (Chrono Boost)  
  19  2:11  Stalker  
  22  2:16  Probe (Chrono Boost)  
  22  2:19  Warp Gate  
  23  2:23  Probe (Chrono Boost)  
  24  2:31  Probe (Chrono Boost)  
  25  2:37  Probe (Chrono Boost)  
  26  2:46  Assimilator, Probe (Chrono Boost)  
  26  2:48  Pylon  
  27  2:53  Probe (Chrono Boost)  
  28  3:00  Probe (Chrono Boost)  
  29  3:08  Probe (Chrono Boost)  
  30  3:14  Probe (Chrono Boost)  
  30  3:15  Robotics Facility  
  31  3:25  Zealot  
  31  3:28  Probe (Chrono Boost)  
  34  3:35  Probe (Chrono Boost)  
  34  3:43  Probe (Chrono Boost)  
  35  3:50  Probe (Chrono Boost)  
  36  3:56  Probe (Chrono Boost)  
  36  4:02  Observer  
  37  4:03  Probe (Chrono Boost)  
  39  4:12  Probe (Chrono Boost)  
  40  4:17  Probe (Chrono Boost)  
  40  4:22  Observer  
  42  4:25  Probe (Chrono Boost)  
  43  4:31  Assimilator  
  43  4:32  Probe (Chrono Boost)  
  44  4:40  Probe (Chrono Boost)  
  44  4:43  Sentry, Pylon  
  47  4:46  Probe (Chrono Boost)  
  48  4:54  Probe (Chrono Boost)  
  49  5:00  Probe (Chrono Boost)  
  50  7:11  Stalker  
  44  7:21  Probe (Chrono Boost)  
  44  7:22  Pylon  
  25  7:35  Probe (Chrono Boost)  
  24  7:40  Stalker  
Tags
 
Add a new tag
Caveats
  • Supply blocks, unpowered buildings, or Contaminate may cause inaccurate times.
  • Supply counts are checked every 10 seconds.